MID
LAKE COUNTY CAPTAINS @ HICKORY CRAWDADS
05/03/2047
 
TOP OF THE 1ST
Lake County Captains batting - Pitching for Hickory Crawdads : LHP Jordan Ruiz
Pitching: LHP Jordan Ruiz
Batting: LHB Tetsuya Oba 0-0: SINGLE (Groundball, 4D, EV 98.8 MPH)
Batting: RHB Chris Diaz 0-0: Ball
1-0: DOUBLE (Line Drive, 5D, EV 98.8 MPH)
Tetsuya Oba to third
Batting: RHB Ricky Deen 0-0: Ball
1-0: Ball
2-0: Ball
3-0: Foul Ball, location: 2F
3-1: Foul Ball, location: 2F
3-2: Foul Ball, location: 2F
3-2: Fly out, F8 (Flyball, 8RM, EV 86.9 MPH)
Batting: RHB Joeri Plas 0-0: Foul Ball, location: 2F
0-1: Swinging Strike
0-2: Ball
1-2: Ball
2-2: Ball
3-2: Base on Balls
Batting: RHB Armando Galindo 0-0: Grounds into fielders choice 1-2 (Groundball, 13S, EV 66.2 MPH)
Chris Diaz to third
Joeri Plas to second
Batting: RHB Ernest Olkowicz 0-0: Ball
1-0: Ball
2-0: DOUBLE (Line Drive, 7LS, EV 93.1 MPH)
Chris Diaz scores
Joeri Plas scores
Armando Galindo to third
Runner from 3rd tries for Home, throw by LF and OUT! 7-6-2
Top of the 1st over - 2 runs, 3 hits, 0 errors, 1 left on base; Lake County 2 - Hickory 0
BOTTOM OF THE 1ST
Hickory Crawdads batting - Pitching for Lake County Captains : RHP Bill Snyder
Pitching: RHP Bill Snyder
Batting: LHB Jose Baez 0-0: SINGLE (Flyball, 6D, EV 96.9 MPH)
Batting: SHB David Simpson 0-0: Swinging Strike
0-1: Called Strike
0-2: Strikes out swinging
Batting: LHB Josh Stuck 0-0: Foul Ball, location: 2F
0-1: Ball
1-1: Foul Ball, location: 2F
1-2: Ball
2-2: Fly out, F9 (Flyball, 9LM, EV 79.4 MPH)
Batting: LHB Alfonso Collazo 0-0: Ball
1-0: SINGLE (Groundball, 34S, EV 85.6 MPH) (infield hit)
Jose Baez to second
Batting: LHB Nick Foutz 0-0: Foul Ball, location: 2F
0-1: Ball
1-1: Ball
2-1: Swinging Strike
2-2: SINGLE (Flyball, 8RS, EV 92.5 MPH)
Jose Baez to third
Alfonso Collazo to second
Runner from 3rd tries for Home, throw by CF and OUT! 8-2
Bottom of the 1st over - 0 runs, 3 hits, 0 errors, 2 left on base; Lake County 2 - Hickory 0
TOP OF THE 2ND
Lake County Captains batting - Pitching for Hickory Crawdads : LHP Jordan Ruiz
Batting: LHB Matt Steinke 0-0: Ball
1-0: Swinging Strike
1-1: Swinging Strike
1-2: Strikes out looking
Batting: LHB Brandon Hopper 0-0: Ball
1-0: Called Strike
1-1: Ball
2-1: Ground out 4-3 (Groundball, 4S, EV 85.0 MPH)
Batting: RHB Jason Harris 0-0: Called Strike
0-1: Ball
1-1: Ball
2-1: Foul Ball, location: 2F
2-2: Strikes out looking
Top of the 2nd over - 0 runs, 0 hits, 0 errors, 0 left on base; Lake County 2 - Hickory 0
BOTTOM OF THE 2ND
Hickory Crawdads batting - Pitching for Lake County Captains : RHP Bill Snyder
Batting: RHB Chance Lamb 0-0: Called Strike
0-1: DOUBLE (Flyball, 89XD, EV 99.4 MPH)
Batting: RHB Stephen Charbonneau 0-0: Ball
1-0: DOUBLE (Flyball, 7LD, EV 106.9 MPH)
Chance Lamb scores
Batting: RHB Josh Ferguson 0-0: Ball
1-0: Called Strike
1-1: Swinging Strike
1-2: Ball
2-2: Ground out 5-3 (Groundball, 5, EV 105.6 MPH)
Batting: RHB Victor Moya 0-0: Called Strike
0-1: Ball
1-1: Fly out, F4 (Popup, 34D, EV 46.2 MPH)
Batting: LHB Jose Baez 0-0: Called Strike
0-1: Ball
1-1: Ground out 5-3 (Groundball, 5, EV 96.2 MPH)
Bottom of the 2nd over - 1 run, 2 hits, 0 errors, 1 left on base; Lake County 2 - Hickory 1
TOP OF THE 3RD
Lake County Captains batting - Pitching for Hickory Crawdads : LHP Jordan Ruiz
Batting: LHB Tetsuya Oba 0-0: Reached on error, E3 (Groundball, 3, EV 87.5 MPH)
Batting: RHB Chris Diaz 0-0: SINGLE (Line Drive, 7S, EV 95.6 MPH)
Tetsuya Oba to second
Batting: RHB Ricky Deen 0-0: Ball
Wild Pitch!
Tetsuya Oba to third
Chris Diaz to second
1-0: Ball
2-0: Foul Ball, location: 2F
2-1: Ball
3-1: Base on Balls
Batting: RHB Joeri Plas 0-0: Ball
1-0: Foul Ball, location: 2F
1-1: Ball
2-1: Ball
3-1: Base on Balls
Tetsuya Oba scores
Chris Diaz to third
Ricky Deen to second
Batting: RHB Armando Galindo 0-0: Fly out, F3 (Popup, 3SF, EV 72.5 MPH)
Batting: RHB Ernest Olkowicz 0-0: Ball
1-0: Foul Ball, location: 2F
1-1: Foul Ball, location: 2F
1-2: Ball
2-2: Strikes out swinging
Batting: LHB Matt Steinke 0-0: Called Strike
0-1: Called Strike
0-2: Strikes out looking
Top of the 3rd over - 1 run, 1 hit, 1 error, 3 left on base; Lake County 3 - Hickory 1
BOTTOM OF THE 3RD
Hickory Crawdads batting - Pitching for Lake County Captains : RHP Bill Snyder
Batting: SHB David Simpson 0-0: Swinging Strike
0-1: Ball
1-1: Called Strike
1-2: Ball
2-2: Foul Ball, location: 2F
2-2: Foul Ball, location: 2F
2-2: Ball
3-2: Strikes out swinging
Batting: LHB Josh Stuck 0-0: Called Strike
0-1: Ball
1-1: Ball
2-1: Foul Ball, location: 2F
2-2: Foul Ball, location: 2F
2-2: Ball
3-2: SINGLE (Line Drive, 56, EV 93.8 MPH)
Batting: LHB Alfonso Collazo 0-0: Ball
1-0: SINGLE (Groundball, 4D, EV 106.9 MPH)
Josh Stuck to second
Batting: LHB Nick Foutz 0-0: Ball
1-0: Called Strike
1-1: Swinging Strike
1-2: Ball
2-2: Strikes out looking
Batting: RHB Chance Lamb 0-0: Swinging Strike
0-1: Foul Ball, location: 2F
0-2: Ball
1-2: SINGLE (Line Drive, 8LS, EV 111.9 MPH)
Josh Stuck to third
Alfonso Collazo to second
Runner from 3rd tries for Home, SAFE, throw by CF to home
Batting: RHB Stephen Charbonneau 0-0: Called Strike
0-1: Called Strike
0-2: Ball
1-2: Ball
2-2: Ball
3-2: Foul Ball, location: 2F
3-2: Ground out U3 (Groundball, 34S, EV 78.1 MPH)
Bottom of the 3rd over - 1 run, 3 hits, 0 errors, 2 left on base; Lake County 3 - Hickory 2
TOP OF THE 4TH
Lake County Captains batting - Pitching for Hickory Crawdads : LHP Jordan Ruiz
Batting: LHB Brandon Hopper 0-0: Ball
1-0: Called Strike
1-1: Fly out, F3 (Popup, 3SF, EV 70.0 MPH)
Batting: RHB Jason Harris 0-0: SOLO HOME RUN (Flyball, 7D, EV 106.9 MPH), Distance : 403 ft
Batting: LHB Tetsuya Oba 0-0: Swinging Strike
0-1: Foul Ball, location: 2F
0-2: Strikes out swinging
Batting: RHB Chris Diaz 0-0: Foul Ball, location: 2F
0-1: Ball
1-1: Ball
2-1: Called Strike
2-2: Ball
3-2: Strikes out looking
Top of the 4th over - 1 run, 1 hit, 0 errors, 0 left on base; Lake County 4 - Hickory 2
BOTTOM OF THE 4TH
Hickory Crawdads batting - Pitching for Lake County Captains : RHP Bill Snyder
Batting: RHB Josh Ferguson 0-0: Called Strike
0-1: Swinging Strike
0-2: Strikes out swinging
Batting: RHB Victor Moya 0-0: Ball
1-0: Foul Ball, location: 2F
1-1: Ground out 3-1 (Groundball, 34S, EV 63.1 MPH)
Batting: LHB Jose Baez 0-0: SINGLE (Groundball, 34D, EV 108.8 MPH)
Batting: SHB David Simpson 0-0: Called Strike
0-1: Foul Ball, location: 2F
0-2: Ball
Jose Baez is caught stealing 2nd base 2-6
Bottom of the 4th over - 0 runs, 1 hit, 0 errors, 0 left on base; Lake County 4 - Hickory 2
TOP OF THE 5TH
Lake County Captains batting - Pitching for Hickory Crawdads : LHP Jordan Ruiz
Batting: RHB Ricky Deen 0-0: Swinging Strike
0-1: Swinging Strike
0-2: Foul Ball, location: 2F
0-2: Ball
1-2: Strikes out swinging
Batting: RHB Joeri Plas 0-0: Ball
1-0: Ball
2-0: Ball
3-0: Base on Balls
Batting: RHB Armando Galindo 0-0: Called Strike
Joeri Plas is caught stealing 2nd base 2-4
0-1: Swinging Strike
0-2: Foul Ball, location: 2F
0-2: Ball
1-2: Ball
2-2: Ground out 6-3 (Groundball, 6, EV 92.5 MPH)
Top of the 5th over - 0 runs, 0 hits, 0 errors, 0 left on base; Lake County 4 - Hickory 2
BOTTOM OF THE 5TH
Hickory Crawdads batting - Pitching for Lake County Captains : RHP Bill Snyder
Batting: SHB David Simpson 0-0: Called Strike
0-1: Ball
1-1: Ball
2-1: Called Strike
2-2: SINGLE (Groundball, 34D, EV 102.5 MPH)
Batting: LHB Josh Stuck 0-0: DOUBLE (Flyball, 78XD, EV 104.4 MPH)
David Simpson to third
Batting: LHB Alfonso Collazo 0-0: SINGLE (Groundball, 34D, EV 100.0 MPH)
David Simpson scores
Josh Stuck to third
Batting: LHB Nick Foutz 0-0: 3-RUN HOME RUN (Flyball, 9LD, EV 96.9 MPH), Distance : 342 ft
Pitching: RHP Luis Restrepo
Batting: RHB Chance Lamb 0-0: Ball
1-0: Ball
2-0: Foul Ball, location: 2F
2-1: Foul Ball, location: 2F
2-2: Ground out 5-3 (Groundball, 56S, EV 68.1 MPH)
Batting: RHB Stephen Charbonneau 0-0: Called Strike
0-1: Called Strike
0-2: Ball
1-2: Foul Ball, location: 2F
1-2: SINGLE (Groundball, 4D, EV 99.4 MPH)
Batting: RHB Josh Ferguson 0-0: Called Strike
Stephen Charbonneau steals 2nd base (no throw)
0-1: Ball
Stephen Charbonneau steals 3rd, throwing error, E2
Stephen Charbonneau scores
1-1: Ball
2-1: Swinging Strike
2-2: Foul Ball, location: 2F
2-2: Ball
3-2: Foul Ball, location: 2F
3-2: Base on Balls
Batting: RHB Victor Moya 0-0: Called Strike
0-1: Ball
Wild Pitch!
Josh Ferguson to second
1-1: Fly out, F8 (Flyball, 8RD, EV 88.8 MPH)
Batting: LHB Jose Baez 0-0: Ball
1-0: Swinging Strike
1-1: Ball
2-1: Foul Ball, location: 2F
2-2: Ball
3-2: Foul Ball, location: 2F
3-2: Strikes out swinging
Bottom of the 5th over - 5 runs, 5 hits, 1 error, 1 left on base; Lake County 4 - Hickory 7
TOP OF THE 6TH
Lake County Captains batting - Pitching for Hickory Crawdads : LHP Jordan Ruiz
Batting: RHB Ernest Olkowicz 0-0: Foul Ball, location: 2F
0-1: Ground out 4-3 (Groundball, 4, EV 86.2 MPH)
Batting: LHB Matt Steinke 0-0: Called Strike
0-1: Ball
1-1: Ball
2-1: Foul Ball, location: 2F
2-2: Ball
3-2: Fly out, F8 (Flyball, 8RM, EV 97.5 MPH)
Batting: LHB Brandon Hopper 0-0: Called Strike
0-1: Ball
1-1: Foul Ball, location: 2F
1-2: Foul Ball, location: 2F
1-2: Ground out U3 (Groundball, 3, EV 84.4 MPH)
Top of the 6th over - 0 runs, 0 hits, 0 errors, 0 left on base; Lake County 4 - Hickory 7
BOTTOM OF THE 6TH
Hickory Crawdads batting - Pitching for Lake County Captains : RHP Luis Restrepo
Batting: SHB David Simpson 0-0: Called Strike
0-1: Ball
1-1: Ball
2-1: Foul Ball, location: 2F
2-2: Foul Ball, location: 2F
2-2: Ball
3-2: SINGLE (Groundball, 6S, EV 71.9 MPH) (infield hit)
Batting: LHB Josh Stuck 0-0: Fly out, F3 (Popup, 3SF, EV 65.6 MPH)
Batting: LHB Alfonso Collazo 0-0: Ball
1-0: Ball
2-0: Foul Ball, location: 2F
2-1: Foul Ball, location: 2F
2-2: Foul Ball, location: 2F
2-2: Ball
3-2: Foul Ball, location: 2F
3-2: Foul Ball, location: 2F
3-2: Strikes out swinging
David Simpson is caught stealing 2nd base 2-6
Batter strikes out.
Bottom of the 6th over - 0 runs, 1 hit, 0 errors, 0 left on base; Lake County 4 - Hickory 7
TOP OF THE 7TH
Lake County Captains batting - Pitching for Hickory Crawdads : LHP Jordan Ruiz
Now at 1B: Victor Moya
Now at 3B: Andres Mendiola
Batting: RHB Jason Harris 0-0: Ball
1-0: Ground out 6-3 (Groundball, 6S, EV 88.8 MPH)
Batting: LHB Tetsuya Oba 0-0: Foul Ball, location: 2F
0-1: Ball
1-1: Ball
2-1: Foul Ball, location: 2F
2-2: Ball
3-2: Fly out, F9 (Flyball, 89M, EV 88.8 MPH)
Batting: RHB Chris Diaz 0-0: Called Strike
0-1: Swinging Strike
0-2: Ground out 5-3 (Groundball, 56S, EV 91.9 MPH)
Top of the 7th over - 0 runs, 0 hits, 0 errors, 0 left on base; Lake County 4 - Hickory 7
BOTTOM OF THE 7TH
Hickory Crawdads batting - Pitching for Lake County Captains : RHP Luis Restrepo
Pitching: LHP Steve Johnson
Batting: LHB Nick Foutz 0-0: Swinging Strike
0-1: Called Strike
0-2: Ball
1-2: Ball
2-2: Foul Ball, location: 2F
2-2: Ball
3-2: Fly out, F8 (Line Drive, 89D, EV 93.8 MPH)
Batting: RHB Chance Lamb 0-0: Ball
1-0: Foul Ball, location: 2F
1-1: SINGLE (Groundball, 6MS, EV 86.9 MPH) (infield hit)
Batting: RHB Stephen Charbonneau 0-0: Called Strike
0-1: Ball
1-1: Swinging Strike
1-2: Foul Ball, location: 2F
1-2: Strikes out swinging
Batting: RHB Josh Ferguson 0-0: Called Strike
0-1: Ball
1-1: Called Strike
1-2: Ball
2-2: Ground out 6-3 (Groundball, 6M, EV 81.2 MPH)
Bottom of the 7th over - 0 runs, 1 hit, 0 errors, 1 left on base; Lake County 4 - Hickory 7
TOP OF THE 8TH
Lake County Captains batting - Pitching for Hickory Crawdads : LHP Jordan Ruiz
Batting: RHB Ricky Deen 0-0: Ball
1-0: Foul Ball, location: 2F
1-1: Fly out, F9 (Flyball, 9, EV 86.9 MPH)
Batting: RHB Joeri Plas 0-0: Ball
1-0: Ball
2-0: Ball
3-0: Base on Balls
Batting: RHB Armando Galindo 0-0: Ball
1-0: Ball
2-0: Ball
3-0: Called Strike
3-1: Base on Balls
Joeri Plas to second
Pitching: RHP Eddie Rojo
Batting: RHB Ernest Olkowicz 0-0: Foul Ball, location: 2F
0-1: Ball
1-1: Foul Ball, location: 2F
1-2: Ball
2-2: Fly out, F8 (Flyball, 8RM, EV 78.1 MPH)
Batting: LHB Matt Steinke 0-0: Ball
1-0: Foul Ball, location: 2F
1-1: Foul Ball, location: 2F
1-2: Ball
2-2: Ground out 4-3 (Groundball, 13, EV 81.2 MPH)
Top of the 8th over - 0 runs, 0 hits, 0 errors, 2 left on base; Lake County 4 - Hickory 7
BOTTOM OF THE 8TH
Hickory Crawdads batting - Pitching for Lake County Captains : LHP Steve Johnson
Batting: RHB Victor Moya 0-0: Called Strike
0-1: Called Strike
0-2: Ball
1-2: Ball
2-2: Foul Ball, location: 2F
2-2: Strikes out swinging
Batting: LHB Jose Baez 0-0: Ball
1-0: Called Strike
1-1: Called Strike
1-2: Ball
2-2: Foul Ball, location: 2F
2-2: Strikes out swinging
Batting: RHB Andres Mendiola 0-0: Ball
1-0: Ball
2-0: Called Strike
2-1: Called Strike
2-2: SINGLE (Groundball, 6S, EV 66.2 MPH) (infield hit)
Batting: LHB Josh Stuck 0-0: Ball
Andres Mendiola is caught stealing 2nd base 2-6
Bottom of the 8th over - 0 runs, 1 hit, 0 errors, 0 left on base; Lake County 4 - Hickory 7
TOP OF THE 9TH
Lake County Captains batting - Pitching for Hickory Crawdads : RHP Eddie Rojo
Batting: LHB Brandon Hopper 0-0: Called Strike
0-1: Ball
1-1: Ball
2-1: Ground out 4-3 (Groundball, 4, EV 80.0 MPH)
Batting: RHB Jason Harris 0-0: Ball
1-0: Called Strike
1-1: Swinging Strike
1-2: Strikes out swinging
Batting: LHB Tetsuya Oba 0-0: Foul Ball, location: 2F
0-1: Foul Ball, location: 2F
0-2: Foul Ball, location: 2F
0-2: Ball
1-2: Strikes out looking
Top of the 9th over - 0 runs, 0 hits, 0 errors, 0 left on base; Lake County 4 - Hickory 7
Thursday, December 15th , 2022 - OOTP Baseball 23.9 Build 102